 Dungeon Crawl Stone Soup version 0.25-a0-834-g55863b0b92 (webtiles) character file.

Game seed: 14514402487435579349, levelgen mode: deterministic

245 Arvaldir the Digger (level 6, -19/32 HPs)
             Began as a Gargoyle Earth Elementalist on Apr 22, 2020.
             Was an Initiate of Vehumet.
             Demolished by an orc warrior
             ... wielding a +0 scimitar
              (21 damage)
             ... on level 3 of the Dungeon.
             The game lasted 00:06:07 (3100 turns).

Arvaldir the Digger (Gargoyle Earth Elementalist)   Turns: 3100, Time: 00:06:11

Health: -19/32     AC:  6    Str: 11    XL:     6   Next: 10%
Magic:  9/11       EV: 16    Int: 18    God:    Vehumet [......]
Gold:   112        SH:  0    Dex: 10    Spells: 1/12 levels left

rFire    . . .     SeeInvis .   g - +2 dagger (venom)
rCold    . . .     Gourm    .   (no shield)
rNeg     + . .     Faith    .   c - +0 robe
rPois    ∞         Spirit   .   (no helmet)
rElec    +         Reflect  .   o - scarf {cloud immunity}
rCorr    .         Harm     .   (no gloves)
MR       .....                  (no boots)
Stlth    ++........             (no amulet)
HPRegen  0.10/turn              q - +4 ring of evasion
MPRegen  0.12/turn              (no ring)

@: no status effects
A: negative energy resistance 1, electricity resistance, unbreathing,
petrification resistance, rot immunity, AC +4
a: Renounce Religion


You were on level 3 of the Dungeon.
You worshipped Vehumet.
Vehumet was noncommittal.
You were not hungry.

You visited 1 branch of the dungeon, and saw 3 of its levels.

You collected 112 gold pieces.

Inventory:

Hand Weapons
 f - a +0 short sword
 g - a +2 dagger of venom (weapon)
 p - a +0 flail
Missiles
 b - 60 stones (quivered)
 i - 2 throwing nets
Armour
 c - a +0 robe (worn)
 o - a scarf of cloud immunity (worn)
Jewellery
 q - a +4 ring of evasion (left hand)
Wands
 r - a wand of random effects (19)
 s - a wand of digging (2)
Scrolls
 e - 4 scrolls of remove curse
 k - 2 scrolls of teleportation
Potions
 a - a potion of heal wounds
 h - 2 potions of stabbing
 j - a potion of curing {unknown}
 l - a potion of degeneration {unknown}
 m - a potion of resistance {unknown}
 n - a potion of ambrosia {unknown}
Comestibles
 d - 9 rations
 t - 3 chunks of flesh


   Skills:
 - Level 1.5 Dodging
 - Level 2.1 Stealth
 + Level 3.7 Spellcasting
 + Level 3.0 Conjurations
 - Level 0.7 Transmutations
 + Level 5.6 Earth Magic


You had one spell level left.
You knew the following spells:

 Your Spells              Type           Power        Failure   Level  Hunger
a - Sandblast             Erth           ###...       1%          1    None
b - Stone Arrow           Conj/Erth      ###...       8%          3    ###....
c - Lee's Rapid Deconstr  Erth           ###.......   38%         5    ######.
d - Passwall              Tmut/Erth      ##......     6%          2    ##.....

Your spell library contained the following spells:

 Spells                   Type           Power        Failure   Level  Hunger
 Petrify                  Tmut/Erth      ##......     38%         4    ####...


Dungeon Overview and Level Annotations

Branches:
Dungeon (3/15)

Altars:
Elyvilon
Okawaru
Vehumet


Innate Abilities, Weirdness & Mutations

You are resistant to torment.
Your stone body is resilient. (AC +4)
You are immune to poison.
You resist negative energy. (rN+)
You are resistant to electric shocks. (rElec)
You can survive without breathing.
You are immune to petrification.
You are immune to rotting.


Message History

Aim: an orc, wielding a +0 whip (almost dead) Nothing appears to happen.
Something barely misses you.
Evoke which item? (* to show all) (? for menu, Esc to quit)
Aiming: Random Effects
Press: ? - help, Shift-Dir - straight line, f/p - orc
Aim: an orc, wielding a +0 whip (almost dead) Nothing appears to happen.
Something hits you!
* * * LOW HITPOINT WARNING * * *
Evoke which item? (* to show all) (? for menu, Esc to quit)
Aiming: Random Effects
Press: ? - help, Shift-Dir - straight line, f/p - orc
Aim: an orc, wielding a +0 whip (almost dead)
The bolt of negative energy hits the orc!
The orc is drained!
You kill the orc!
Vehumet accepts your kill.
Your Conjurations skill increases to level 3!
Something hits you!!
Ouch! That really hurt!
You die...

#.###### .# #....... .# ########
.# #.. )# #. #[# .# #. #.# o# #.
#.#
################)#####.#######.#
#..............@................
#.##############.#####.........#
#........ .# #..........
#.####### ######..).?...## #.#
#............# ##.# ###
#............#
##.#########.######.....#####.##
.#......................# #.#
......####.########.....# #.#


You could see an orc.

Vanquished Creatures
  An orc wizard (D:3)
  Ijyb (D:3)
  4 gnolls (D:2)
  6 adders
  An ooze (D:1)
  2 dart slugs (D:1)
  3 worms
  4 leopard geckos
  6 orcs (D:3)
  3 giant cockroaches
  5 goblins
  5 hobgoblins
  3 jackals (D:1)
  7 kobolds
  A quokka (D:2)
  13 bats
  6 frilled lizards
  7 rats
78 creatures vanquished.

Notes
Turn   | Place    | Note
-------+----------+-------------------------------------------
     0 | D:1      | Arvaldir the Gargoyle Earth Elementalist began the quest
                  | for the Orb.
     0 | D:1      | Reached XP level 1. HP: 10/10 MP: 3/3
   113 | D:1      | Reached skill level 4 in Earth Magic
   113 | D:1      | Reached XP level 2. HP: 14/15 MP: 3/5
   498 | D:1      | Reached XP level 3. HP: 13/19 MP: 6/6
   506 | D:1      | Learned a level 3 spell: Stone Arrow
  1243 | D:2      | Found a faded altar of an unknown god.
  1347 | D:2      | Reached skill level 1 in Conjurations
  1359 | D:2      | Reached XP level 4. HP: 20/24 MP: 8/8
  1531 | D:2      | Reached skill level 5 in Earth Magic
  1738 | D:2      | Reached XP level 5. HP: 25/28 MP: 9/9
  1745 | D:2      | Learned a level 5 spell: Lee's Rapid Deconstruction
  2527 | D:3      | Found a radiant altar of Vehumet.
  2699 | D:3      | Learned a level 2 spell: Passwall
  2749 | D:3      | Found a white marble altar of Elyvilon.
  2749 | D:3      | Found an iron altar of Okawaru.
  2749 | D:3      | Became a worshipper of Vehumet
  2975 | D:3      | Noticed Ijyb
  2991 | D:3      | Killed Ijyb
  2991 | D:3      | Reached XP level 6. HP: 32/32 MP: 11/11
  3092 | D:3      | Noticed an orc warrior
  3099 | D:3      | HP: 1/32 [something (11)]
  3100 | D:3      | Demolished by an orc warrior

Levels and vault maps discovered:
D:1:      minmay_arrival_semitransparent, layout_rooms, serial_forest,
          infiniplex_forest_straight_2, infiniplex_forest_lined_4_way,
          infiniplex_forest_straight_3, infiniplex_forest_clump_curved,
          minmay_tetromino_l4
D:2:      layout_basic, first_ration, chequers_ecumenical_altar_grove
D:3:      layout_basic, nicolae_overflow_hidden_temple, uniq_ijyb

Skill      XL: |  1  2  3  4  5  6 |
---------------+-------------------+-----
Earth Magic    | 4 5 |  5.6
Conjurations   | 1 2 3 |  3.0
Spellcasting   | 3 |  3.7
Dodging        | |  1.5
Stealth        | |  2.1
Transmutations | |  0.7

Action                   |  1- 3 |  4- 6 || total
-------------------------+-------+-------++-------
Melee: Short sword       |    89 |       ||    89
       Dagger            |    21 |   134 ||   155
 Cast: Sandblast         |    10 |     9 ||    19
       Passwall          |       |     2 ||     2
       Stone Arrow       |       |     1 ||     1
Evoke: Wand              |       |     7 ||     7
  Use: Scroll            |     6 |       ||     6
 Stab: Sleeping          |       |     3 ||     3
  Eat: Chunk             |     2 |     5 ||     7
Armor: Robe              |    39 |    45 ||    84
Dodge: Dodged            |   111 |    74 ||   185

Table legend:
 A = Non-vault XP
 B = Vault XP
 C = Vault XP percentage of total XP
 D = Non-vault monster count
 E = Vault monster count
 F = Vault count percentage of total count
                 A         B        C        D         E       F
            +---------+---------+-------+---------+---------+-------
      Total |     302 |      48 |  13.7 |      73 |       5 |   6.4
            +---------+---------+-------+---------+---------+-------
        D:1 |      38 |      12 |  24.0 |      17 |       4 |  19.0
        D:2 |     130 |       0 |   0.0 |      33 |       0 |   0.0
        D:3 |     134 |      36 |  21.2 |      23 |       1 |   4.2
            +---------+---------+-------+---------+---------+-------
